 Dungeon Crawl Stone Soup version 0.24-a0-157-g36218c0 (webtiles) character file.

Game seed: 10185796123027240785

861 Dfrag the Firebug (level 8, -4/62 HPs)
             Began as a Naga Fire Elementalist on Mar 4, 2019.
             Was a Follower of Makhleb.
             Slain by an orc
             ... wielding a +0 dagger
              (6 damage)
             ... on level 5 of the Dungeon.
             The game lasted 00:07:34 (3655 turns).

Dfrag the Firebug (Naga Fire Elementalist)          Turns: 3655, Time: 00:07:36

Health: -4/62      AC:  3    Str: 10    XL:     8   Next: 2%
Magic:  14/14      EV: 10    Int: 23    God:    Makhleb [*.....]
Gold:   270        SH:  0    Dex: 11    Spells: 8/16 levels left

rFire    . . .     SeeInvis +   q - +3 dagger (venom)
rCold    . . .     Gourm    .   (no shield)
rNeg     . . .     Faith    .   a - +0 robe
rPois    +         Spirit   .   (no helmet)
rElec    .         Reflect  .   (no cloak)
rCorr    .         Harm     .   (no gloves)
MR       +....                  (no barding)
Stlth    ++........             (no amulet)
HPRegen  0.20/turn              l - +4 ring of intelligence
MPRegen  0.14/turn              (no ring)

@: very slow
A: large, see invisible, deformed body, poison resistance, slowness 2, slow
metabolism 1, spit poison 1, AC +2
a: Spit Poison, Renounce Religion


You were on level 5 of the Dungeon.
You worshipped Makhleb.
Makhleb was aware of your devotion.
You were very hungry.

You visited 1 branch of the dungeon, and saw 5 of its levels.

You collected 270 gold pieces.

Inventory:

Hand Weapons
 n - a +0 dagger
 q - a +3 dagger of venom (weapon)
Armour
 a - a +0 robe (worn)
Jewellery
 l - a +4 ring of intelligence (left hand)
Scrolls
 b - 6 scrolls of identify {unknown}
 d - a scroll of noise {unknown}
 j - 4 scrolls of remove curse {unknown}
 k - 2 scrolls of teleportation {unknown}
 m - a scroll of amnesia {unknown}
 o - a scroll of fog {unknown}
 r - a scroll of immolation {unknown}
Potions
 g - a potion of resistance {unknown}
 h - a potion of curing {unknown}
 i - 2 potions of brilliance {unknown}
Comestibles
 c - 7 rations


   Skills:
 + Level 3.3 Short Blades
 - Level 1.5 Dodging
 - Level 3.0 Stealth
 + Level 4.6 Spellcasting
 + Level 4.5 Conjurations
 + Level 5.4 Fire Magic


You had 8 spell levels left.
You knew the following spells:

 Your Spells              Type           Power        Failure   Level  Hunger
a - Flame Tongue          Conj/Fire      ####.        1%          1    None
b - Conjure Flame         Conj/Fire      ####....     3%          3    ##.....
c - Sticky Flame          Conj/Fire      ####....     12%         4    ####...

Your spell library contained the following spells:

 Spells                   Type           Power        Failure   Level  Hunger
 Throw Flame              Conj/Fire      ####..       1%          2    None
 Inner Flame              Hex/Fire       ###.....     10%         3    ##.....
 Fireball                 Conj/Fire      ####......   34%         5    #####..


Dungeon Overview and Level Annotations

Branches:
Dungeon (5/15)             Temple (0/1) D:4

Altars:
Cheibriados
Makhleb
Okawaru
Zin

Annotations:
D:3 2 runed translucent doors, lukano's ghost, amateur GrHu


Innate Abilities, Weirdness & Mutations

You cannot wear boots.
Your serpentine skin is tough. (AC +2)
You have supernaturally acute eyesight. (SInv)
Armour fits poorly on your strangely shaped body.
Your system is resistant to poisons. (rPois)
You cover ground very slowly.
You have a slow metabolism.
You can spit poison.


Message History

* * * LOW HITPOINT WARNING * * *
The orc hits you but does no damage.
The centaur shoots an arrow.
The arrow barely misses you.
You see here 2 arrows.
It was a potion of cancellation.
You feel magically purged.
Your magical contamination has completely faded away.
The orc wizard hits you with a +0 dagger.
* * * LOW HITPOINT WARNING * * *
The centaur shoots an arrow.
The arrow barely misses you.
A hound comes into view.
The orc hits you but does no damage.
The hound barks!
It was a potion of magic.
Magic courses through your body.
The orc wizard hits you but does no damage.
The centaur shoots an arrow.
The arrow hits you.
* * * LOW HITPOINT WARNING * * *
The arrow freezes you.
* * * LOW HITPOINT WARNING * * *
The orc hits you with a +0 dagger.
You die...

#......# # #.....$# #.
#......#### ###.#####
#..(....... #.......#
#.(....#### #.......#
#..(...##..
#.......###.c#.......
#.......h...o.......# ...
#...........o@..##### #...
#......<##...#### #..#
########.....># ..#
#......##########..#
#..^...............##..
#...........###........ ###
##......####....[..# ..
#..##..####..#######...###.#
#........ ..................


You could see a centaur, a hound, an orc wizard and an orc.

Vanquished Creatures
  3 ogres
  A scorpion (D:4)
  A howler monkey (D:4)
  A crimson imp (D:5)
  A centaur zombie (D:5)
  A hound (D:4)
  A bullfrog skeleton (D:5)
  3 orc priests
  An orc wizard (D:3)
  An iguana (D:4)
  2 worker ants (D:4)
  A hound zombie (D:5)
  8 adders
  2 oozes (D:1)
  2 worms
  3 dart slugs
  7 leopard geckos
  11 orcs
  9 bats
  3 giant cockroaches
  11 goblins
  8 hobgoblins
  5 jackals
  A quokka (D:4)
  5 frilled lizards
  5 kobolds
  7 rats
104 creatures vanquished.

Notes
Turn   | Place    | Note
-------+----------+-------------------------------------------
     0 | D:1      | Dfrag the Naga Fire Elementalist began the quest for the
                  | Orb.
     0 | D:1      | Reached XP level 1. HP: 15/15 MP: 3/3
    92 | D:1      | Reached XP level 2. HP: 20/22 MP: 1/5
   282 | D:1      | Reached XP level 3. HP: 9/28 MP: 3/6
   554 | D:1      | You fall through a shaft!
   863 | D:2      | Reached XP level 4. HP: 36/36 MP: 6/8
  1014 | D:2      | Found a burning altar of Makhleb.
  1128 | D:2      | Became a worshipper of Makhleb the Destroyer
  1211 | D:2      | Learned a level 3 spell: Conjure Flame
  1216 | D:2      | Learned a level 4 spell: Sticky Flame
  1339 | D:2      | Found a glowing silver altar of Zin.
  1560 | D:3      | Found an iron altar of Okawaru.
  1795 | D:3      | Reached skill level 4 in Fire Magic
  1795 | D:3      | Reached XP level 5. HP: 42/42 MP: 4/9
  2151 | D:3      | Found a runed translucent door.
  2157 | D:3      | Noticed lukano's ghost (amateur GrHu)
  2184 | D:3      | Reached * piety under Makhleb
  2184 | D:3      | Reached skill level 1 in Short Blades
  2184 | D:3      | Reached XP level 6. HP: 38/49 MP: 4/11
  2353 | D:3      | Found a runed translucent door.
  2679 | D:4      | Reached XP level 7. HP: 55/55 MP: 7/12
  2786 | D:4      | Reached skill level 5 in Fire Magic
  2795 | D:4      | Found a staircase to the Ecumenical Temple.
  3324 | D:5      | Entered Level 5 of the Dungeon
  3341 | D:5      | Found a snail-covered altar of Cheibriados.
  3653 | D:5      | Reached XP level 8. HP: 24/62 MP: 2/14
  3655 | D:5      | HP: 3/62 [centaur/arrow (3)]
  3655 | D:5      | Slain by an orc

Levels and vault maps discovered:
D:1:      arrival_zaba_pyramid, layout_basic, item_on_display_a
D:2:      layout_basic, bloody_makhleb, nicolae_overflow_hidden_temple
D:3:      layout_rooms, okawaru_ov_weapons_minmay, ebering_ghost_sewer_f
D:4:      layout_loops_ring, minmay_temple_entry_wispy, first_ration
D:5:      layout_rooms, basic_altar, uniq_pikel, uniq_blork_the_orc

Skill      XL: |  1  2  3  4  5  6  7 |
---------------+----------------------+-----
Conjurations   | 2 3 4 |  4.5
Spellcasting   | 3 4 |  4.6
Fire Magic     | 4 5 |  5.4
Short Blades   | 1 2 3 |  3.3
Dodging        | |  1.5
Stealth        | |  3.0

Action                   |  1- 3 |  4- 6 |  7- 9 || total
-------------------------+-------+-------+-------++-------
Melee: Unarmed           |    13 |     8 |       ||    21
       Dagger            |       |     5 |    48 ||    53
 Cast: Flame Tongue      |    32 |    78 |     5 ||   115
       Sticky Flame      |       |     2 |     6 ||     8
 Abil: Spit Poison       |    21 |    34 |     5 ||    60
  Use: Potion            |       |       |     2 ||     2
 Stab: Sleeping          |       |     1 |     3 ||     4
  Eat: Chunk             |     1 |     7 |     3 ||    11
Armor: Robe              |     7 |    14 |    16 ||    37
Dodge: Dodged            |    16 |    40 |    26 ||    82

Table legend:
 A = Non-vault XP
 B = Vault XP
 C = Vault XP percentage of total XP
 D = Non-vault monster count
 E = Vault monster count
 F = Vault count percentage of total count
                 A         B        C        D         E       F
            +---------+---------+-------+---------+---------+-------
      Total |    1230 |       0 |   0.0 |     104 |       0 |   0.0
            +---------+---------+-------+---------+---------+-------
        D:1 |      67 |       0 |   0.0 |      28 |       0 |   0.0
        D:2 |     115 |       0 |   0.0 |      24 |       0 |   0.0
        D:3 |     193 |       0 |   0.0 |      25 |       0 |   0.0
        D:4 |     465 |       0 |   0.0 |      21 |       0 |   0.0
        D:5 |     390 |       0 |   0.0 |       6 |       0 |   0.0
            +---------+---------+-------+---------+---------+-------
